 Dungeon Crawl Stone Soup version 0.19-a0-1051-gdb7e7f8 (webtiles) character file.

7120 mopl the Severer (level 11, -5/153 HPs)
             Began as a Hill Orc Fighter on Aug 1, 2016.
             Was a Follower of Uskayaw.
             Slain by a black mamba (7 damage)
             ... on level 1 of the Lair of Beasts.
             The game lasted 00:17:06 (7596 turns).

mopl the Severer (Hill Orc Fighter)                 Turns: 7596, Time: 00:17:06

Health: -5/153     AC: 29    Str: 20    XL:     11   Next: 10%
Magic:  13/13      EV:  2    Int:  8    God:    Uskayaw [*.....]
Gold:   162        SH:  0    Dex: 13    Spells: 0 memorised, 10 levels left

rFire  . . .     SeeInvis .     a - +1 battleaxe
rCold  . . .     Gourm    .     (armour currently unavailable)
rNeg   + + +     Faith    .     (shield currently unavailable)
rPois  +         Spirit   .     (helmet currently unavailable)
rElec  .         Dismiss  .     (cloak currently unavailable)
rCorr  .         Reflect  .     (gloves currently unavailable)
SustAt .         Harm     .     (boots currently unavailable)
MR     +....     NoTele   +     (no amulet)
Stlth  +.........               K - ring of protection from magic
                                p - +4 ring of protection

@: lethally poisoned (-5 -> -13), tree-form, somewhat resistant to hostile
enchantments, very unstealthy
A: no striking features
a: Stomp, Renounce Religion


You were on level 1 of the Lair of Beasts.
You worshipped Uskayaw.
Uskayaw was noncommittal.
You were not hungry.
You were a tree.
You visited 3 branches of the dungeon, and saw 10 of its levels.
You also visited: Sewer.

You collected 452 gold pieces.
You spent 290 gold pieces at shops.

Inventory:

Hand Weapons
 a - a +1 battleaxe (weapon)
 b - a +0 blowgun
 J - a +0 war axe
 W - a +1 broad axe of venom
Missiles
 h - 84 bolts
 x - 11 tomahawks (quivered)
 z - 38 poisoned needles
 B - 6 needles of sleeping
 I - a curare-tipped needle
 O - a throwing net
Armour
 s - a +0 plate armour (melded)
 v - a +0 pair of gloves (melded)
 N - a +3 ring mail of poison resistance
 T - a +0 cloak (melded)
Magical Staves
 C - an uncursed staff of poison {!a}
 R - an uncursed staff of death
Jewellery
 p - a +4 ring of protection (left branch)
 u - a +6 ring of intelligence
 K - a ring of protection from magic (right branch)
Wands
 c - a wand of digging (15/24)
 m - a wand of flame (32/48)
 M - a wand of disintegration (12/24)
Scrolls
 g - 2 scrolls of recharging
 i - 3 scrolls of enchant armour {unknown}
 j - 3 scrolls of amnesia
 k - 3 scrolls of immolation {!r}
 r - 2 scrolls of noise
 t - a scroll of remove curse {unknown}
 y - a scroll of blinking {unknown}
 A - 3 scrolls of teleportation
 E - 4 scrolls of enchant weapon
 F - 2 scrolls of magic mapping
 H - a scroll of fear {unknown}
 P - 5 scrolls of identify
 V - a scroll of fog {unknown}
Potions
 d - 4 potions of flight
 e - 6 potions of curing
 n - a potion of resistance
 o - 4 potions of brilliance
 w - a potion of lignification {!q}
 D - a potion of cancellation
 L - 2 potions of might
Books
 Q - a Grand Grimoire

   Spells                             Type                      Level
   a - Monstrous Menagerie            Summoning                    7
   b - Summon Greater Demon           Summoning                    7
   c - Malign Gateway                 Summoning/Translocation      7
   d - Summon Horrible Things         Summoning                    8
 S - a Young Poisoner's Handbook

   Spells                             Type                      Level
   a - Sting                          Conjuration/Poison           1
   b - Mephitic Cloud                 Conjuration/Poison/Air       3
   c - Olgreb's Toxic Radiance        Poison                       4
   d - Alistair's Intoxication        Transmutation/Poison         5
   e - Venom Bolt                     Conjuration/Poison           5
Comestibles
 f - 8 bread rations
 l - 5 meat rations
 q - 4 fruits
 G - 7 beef jerkies
 U - a chunk of flesh


   Skills:
 + Level 11.5 Fighting
 * Level 16.3 Axes
 + Level 4.7 Armour
   Level 3.2 Shields
 + Level 2.9 Invocations


You had 10 spell levels left.
You didn't know any spells.

Dungeon Overview and Level Annotations

Branches:
Dungeon (8/15)             Temple (1/1) D:4            Lair (1/6) D:8

Altars:
Ashenzari
Cheibriados
Dithmenos
Elyvilon
Fedhas
Gozag
Kikubaaqudgha
Makhleb
Nemelex Xobeh
Pakellas
Qazlal
Ru
Sif Muna
Trog
Uskayaw
Vehumet
Xom
Yredelemnul
Zin
The Shining One

Shops:
D:6 (   D:8 *


Message History

You are lethally poisoned!
The black mamba poisons you!
Okay, then.
Okay, then.
Evoke which item? (* to show all) (? for menu, Esc to quit)
Okay, then.
Unknown command.
As you read the scroll labeled GIYLAO RUCYMI, it crumbles to dust.
You feel aware of your surroundings.
It was a scroll of magic mapping.
* * * LOW HITPOINT WARNING * * *
You feel sick.
The black mamba bites you but does no damage.
The black mamba bites you.
* * * LOW HITPOINT WARNING * * *
As you read the scroll labeled TIOPHI VUBUIN, it crumbles to dust.
It is a scroll of enchant weapon.
Your +0 battleaxe glows red for a moment.
* * * LOW HITPOINT WARNING * * *
You feel sick. The black mamba bites you!
You die...

,,,**,,,,,,*,,,,,**,,,,,**,,,,,,,
,,,****+***,,,,,,,,,,,,,**,,,>,*,
,,,,***+**,,*,*****,*,,,**,,,,,*,
,,,,,,,,,,,**#######**,,**,,,,,**
,,,,,,,,,,**##.....##**,*,,,,,,,,
,,,,,,,,,,*##....P..##*,,,,,,,,,,
,,,,,,,,,,*#.....P...#*,,,,,,,,,,
,,,,,,,,,,*#...PSSP..#*,,,,,,,,,,
,,,,,,,,,,*#....♣....#*,,,,,,,,,,
,,,,,*,,*,*#.....P...#*,,,,,,*,**
,,,,,,,,,,*#.....P...#*,**,,,,,,,
,,,,,,,,,,*##.P.....##*,,,,,,*,,,
,,,,*,,,,,**##.....##**,,,,,,*,,,
,,,,,,,,,,,**###.###**,,,*,,,*,,,
,,,,+,,,,,,,***...,**,,,,*,,,*,,,
,,,,*,,,,,,,,,,...,,,,,,,,,,,*,,,
,,,,*,,,,,,,,,,,,,,,,,,,,*,,,*,,,


You could see 2 black mambas.

Vanquished Creatures
  Pikel (D:5)
  A deep elf mage (D:6)
  Grinder (D:3)
  Sigmund (D:3)
  7 yaks
  A human (D:4)
  Eustachio (D:5)
  Edmund (D:5)
  Menkaure (D:7)
  2 hippogriffs (D:8)
  A water moccasin (D:6)
  Duvessa (D:7)
  The ghost of crawlian the Firebug, an amateur DEFE (D:5)
  3 porcupines
  The ghost of Erlindor the Covert, an amateur SpAs (D:4)
  Purgy (Sewer)
  A sky beast (D:8)
  An orc warrior (D:7)
  A slave (D:4)
  A black bear (D:8)
  4 ice beasts
  A phantom (D:8)
  4 ogres
  A centaur (D:6)
  A crocodile (D:8)
  3 big kobolds (D:8)
  2 giant frogs
  A wyvern zombie (D:7)
  A scorpion (D:4)
  Dowan (D:7)
  10 wights
  4 killer bees
  2 howler monkeys
  A crimson imp (D:7)
  A giant frog zombie (D:8)
  2 quasits (D:8)
  9 orc priests
  2 giant frog skeletons
  A jelly (D:5)
  3 orc wizards
  Ijyb (D:3)
  Jessica (D:2)
  3 iguanas
  4 worker ants
  3 hound zombies
  A howler monkey skeleton (D:5)
  2 river rats
  4 adders
  A shadow imp (D:8)
  An adder zombie (D:7)
  3 adder skeletons
  A worm (D:6)
  A dart slug (D:2)
  2 giant geckos
  22 orcs
  2 ball pythons (Sewer)
  4 bats
  9 giant cockroaches
  A goblin (D:1)
  5 hobgoblins
  6 jackals (D:8)
  4 quokkas
  6 giant newts
  2 jackal skeletons (D:4)
  27 kobolds
  2 quokka zombies (D:8)
  6 rats
  2 fungi (Lair:1)
  2 plants (Lair:1)
211 creatures vanquished.

Vanquished Creatures (others)
  A crimson imp (D:5)
  An orc wizard (D:5)
  3 orcs (D:5)
  A jackal zombie (D:4)
  A quokka skeleton (D:5)
  4 toadstools (D:1)
11 creatures vanquished.

Grand Total: 222 creatures vanquished

Notes
Turn   | Place    | Note
-------+----------+-------------------------------------------
     0 | D:1      | mopl the Hill Orc Fighter began the quest for the Orb.
     0 | D:1      | Reached XP level 1. HP: 19/19 MP: 1/1
    55 | D:1      | Reached skill level 3 in Axes
   165 | D:1      | Reached XP level 2. HP: 26/27 MP: 2/2
   556 | D:2      | Reached skill level 4 in Axes
   603 | D:2      | Noticed Jessica
   616 | D:2      | Killed Jessica
   616 | D:2      | Reached skill level 4 in Fighting
   616 | D:2      | Reached XP level 3. HP: 33/33 MP: 3/3
   670 | D:2      | Found a snail-covered altar of Cheibriados.
   882 | D:3      | Noticed Ijyb
   920 | D:3      | Killed Ijyb
   920 | D:3      | Reached skill level 5 in Axes
   920 | D:3      | Reached XP level 4. HP: 30/41 MP: 4/4
   927 | D:3      | Noticed Grinder
   931 | D:3      | Paralysed by Grinder for 5 turns
   940 | D:3      | Killed Grinder
   940 | D:3      | Reached skill level 5 in Fighting
   940 | D:3      | Reached skill level 7 in Axes
   940 | D:3      | Reached XP level 5. HP: 31/48 MP: 5/5
   940 | D:3      | Reached XP level 6. HP: 36/56 MP: 6/6
   949 | D:3      | Noticed Sigmund
   957 | D:3      | Killed Sigmund
   975 | D:3      | Found a bloodstained altar of Trog.
   996 | D:3      | Reached skill level 8 in Axes
  1000 | D:3      | Reached XP level 7. HP: 44/62 MP: 7/7
  1595 | D:4      | Found a runed door.
  1595 | D:4      | Noticed a human
  1609 | D:4      | Found a basalt altar of Yredelemnul.
  1640 | D:4      | Killed a human
  1640 | D:4      | Reached skill level 6 in Fighting
  1747 | D:4      | Noticed Erlindor's ghost (amateur SpAs)
  1750 | D:4      | Reached skill level 9 in Axes
  1795 | D:4      | Killed Erlindor's ghost
  1913 | D:4      | Found a staircase to the Ecumenical Temple.
  1928 | Temple   | Entered the Ecumenical Temple
  2048 | D:4      | Found a glowing drain.
  2067 | Sewer    | Entered a sewer
  2126 | Sewer    | Noticed Purgy
  2132 | Sewer    | Killed Purgy
  2132 | Sewer    | Reached skill level 7 in Fighting
  2132 | Sewer    | Reached skill level 10 in Axes
  2132 | Sewer    | Reached XP level 8. HP: 73/73 MP: 8/8
  2492 | D:5      | Entered Level 5 of the Dungeon
  2542 | D:5      | Noticed crawlian's ghost (amateur DEFE)
  2560 | D:5      | Killed crawlian's ghost
  2561 | D:5      | Noticed Pikel
  2635 | D:5      | Killed Pikel
  2635 | D:5      | Reached skill level 8 in Fighting
  2635 | D:5      | Reached skill level 11 in Axes
  2954 | D:5      | Noticed Eustachio
  3079 | D:5      | Killed Eustachio
  3079 | D:5      | Reached skill level 12 in Axes
  3079 | D:5      | Reached XP level 9. HP: 73/82 MP: 9/9
  3528 | D:5      | Noticed Edmund
  3539 | D:5      | Killed Edmund
  4069 | D:5      | Reached skill level 9 in Fighting
  4213 | D:5      | Reached skill level 13 in Axes
  4776 | D:6      | Noticed a deep elf mage
  4789 | D:6      | Killed a deep elf mage
  4789 | D:6      | Reached skill level 14 in Axes
  4968 | D:6      | Found Iloshane's Weapon Emporium.
  5043 | D:6      | Reached skill level 10 in Fighting
  5043 | D:6      | Reached XP level 10. HP: 93/93 MP: 10/10
  5181 | D:7      | Found an ancient bone altar of Kikubaaqudgha.
  5181 | D:7      | Found a stormy altar of Qazlal.
  5354 | D:7      | Noticed Menkaure
  5361 | D:7      | Killed Menkaure
  5534 | D:7      | Noticed Dowan
  5592 | D:7      | Noticed Duvessa
  5610 | D:7      | Killed Dowan
  5617 | D:7      | Killed Duvessa
  5788 | D:7      | Reached skill level 15 in Axes
  5960 | D:8      | Noticed a dagger
  5979 | D:8      | Noticed a hand axe
  6173 | D:7      | Reached skill level 11 in Fighting
  6365 | D:8      | Found a hide-covered altar of Uskayaw.
  6375 | D:8      | Became a worshipper of Uskayaw the Reveler
  6384 | D:8      | Reached * piety under Uskayaw
  6388 | D:8      | Reached ** piety under Uskayaw
  6390 | D:8      | Reached *** piety under Uskayaw
  6391 | D:8      | Reached skill level 1 in Invocations
  6393 | D:8      | Reached **** piety under Uskayaw
  6403 | D:8      | Reached ***** piety under Uskayaw
  6407 | D:8      | Reached skill level 4 in Armour
  6776 | D:8      | Found a staircase to the Lair.
  6866 | D:8      | Reached skill level 16 in Axes
  6866 | D:8      | Reached skill level 2 in Invocations
  6968 | D:8      | Reached XP level 11. HP: 93/102 MP: 12/12
  7322 | D:8      | Found Zeaq's Assorted Antiques.
  7325 | D:8      | Bought a scroll labeled ZARI JOETATHRUA for 29 gold pieces
  7325 | D:8      | Bought a runed broad axe for 116 gold pieces
  7325 | D:8      | Bought a scroll labeled XAMPOI SUOQ for 29 gold pieces
  7325 | D:8      | Bought a scroll of identify for 58 gold pieces
  7325 | D:8      | Bought a scroll of identify for 58 gold pieces
  7579 | Lair:1   | Entered Level 1 of the Lair of Beasts
  7594 | Lair:1   | HP: 7/153 [black mamba (11)]
  7595 | Lair:1   | HP: 3/153 [black mamba (2)]
  7596 | Lair:1   | Slain by a black mamba

Vault maps used:
D:1:      ldierk_walled_garden_2
D:2:      nicolae_overflow_crystal_walls, first_bread, uniq_jessica
D:3:      lemuel_crystal_altar, uniq_iyjb, uniq_grinder, uniq_sigmund
D:4:      portal_sewer_entry_a, dk_yredelemnul_ordeal
D:5:      serial_bayou_crossing, uniq_edmund, uniq_pikel, uniq_eustachio
D:6:      serial_shops, nicolae_shop_crystal, guppyfry_early_elven_hall
D:7:      gammafunk_temple_overflow_wave, uniq_menkaure, uniq_duvessa
D:8:      dancing_weapons_uskayaw, minmay_lair_entry_grove, serial_shops,
          nicolae_shop_behind_doors, serial_undead, serial_undead_a,
          serial_undead_e, serial_undead_a, serial_undead_b, grunt_ogre_cave
Temple:   eino_temple_scatter_basement
Lair:1:   serial_bayou_ford_a, cheibrodos_lair_reptile_den, uniq_fannar,
          uniq_sonja, uniq_harold
Sewer:    sewer_co_purgy_island

Skill      XL: |  1  2  3  4  5  6  7  8  9 10 |
---------------+-------------------------------+-----
Axes           | 3 4 5 7 8 10 12 14 16 | 16.3
Fighting       | 4 5 7 8 10 11 | 11.5
Invocations    | 2 |  2.9
Armour         | 4 |  4.7
Shields        | |  3.2

Action                   |  1- 3 |  4- 6 |  7- 9 | 10-12 || total
-------------------------+-------+-------+-------+-------++-------
Melee: War axe           |    93 |    23 |   190 |       ||   306
       Battleaxe         |       |       |   200 |   366 ||   566
 Fire: Blowgun           |       |       |     4 |       ||     4
Throw: Tomahawk          |       |       |     1 |       ||     1
  Use: Potion            |       |     1 |     8 |     3 ||    12
       Scroll            |       |       |     7 |     3 ||    10
 Stab: Paralysed         |       |       |       |     6 ||     6
  Eat: Chunk             |       |       |    11 |    10 ||    21
       Pizza             |       |       |     1 |       ||     1
Armor: Scale mail        |    24 |       |       |       ||    24
       Plate armour      |    35 |    15 |   299 |   212 ||   561
       Skin              |       |       |       |    10 ||    10
Dodge: Dodged            |    21 |     2 |    74 |    91 ||   188
Block: Shield            |    32 |     9 |    83 |       ||   124
